 Dungeon Crawl Stone Soup version 0.29.1-12-g30fa7ad0bf (webtiles) character file.

Game seed: 11080052111816951393

334 wormed the Covert (level 6, -2/53 HPs)
             Began as a Gnoll Delver on Dec 21, 2022.
             Was a Believer of Dithmenos.
             Slain by styxcanada's ghost (15 damage)
             ... on level 4 of the Dungeon.
             The game lasted 00:08:40 (3762 turns).

wormed the Covert (Gnoll Delver)                    Turns: 3762, Time: 00:08:41

Health: -2/53      AC:  5    Str: 12    XL:     6   Next: 53%
Magic:  9/9        EV: 13    Int: 11    God:    Dithmenos [**....]
Gold:   224        SH:  0    Dex: 13    Spells: 9/9 levels left

rFire   . . .      SeeInvis .   k - +2 dagger (venom)
rCold   . . .      Faith    .   (no shield)
rNeg    . . .      Spirit   .   b - +0 leather armour
rPois   .          Reflect  .   (no helmet)
rElec   .          Harm     .   a - +0 cloak
rCorr   .          Rampage  .   z - +0 pair of gloves
Will    .....                   (no boots)
Stlth   +++++.....              (no amulet)
HPRegen 0.17/turn               (no ring)
MPRegen 0.11/turn               (no ring)

@: wreathed by umbra
A: fangs 1, strong nose, distributed training
a: Renounce Religion, Shadow Step


You were on level 4 of the Dungeon.
You worshipped Dithmenos.
Dithmenos was pleased with you.
You visited 2 branches of the dungeon, and saw 6 of its levels.

You collected 224 gold pieces.

Inventory:

Hand Weapons
 k - a +2 dagger of venom (weapon)
Armour
 a - a +0 cloak (worn)
 b - a +0 leather armour (worn)
 o - a scarf of harm
 z - a +0 pair of gloves (worn)
Wands
 g - a wand of digging (3)
 v - a wand of flame (4)
 w - a wand of roots (10)
Scrolls
 e - 2 scrolls of vulnerability {unknown}
 h - 6 scrolls of teleportation {unknown}
 j - a scroll of noise {unknown}
 l - 3 scrolls of magic mapping
 n - 2 scrolls of identify {unknown}
 q - a scroll of butterflies {unknown}
 r - a scroll of poison {unknown}
 s - a scroll of amnesia {unknown}
 u - a scroll of enchant weapon {unknown}
 x - 2 scrolls of torment {unknown}
 y - a scroll of immolation {unknown}
 A - a scroll of summoning {unknown}
 B - a scroll of blinking {unknown}
Potions
 d - 4 potions of might {unknown}
 f - 2 potions of haste
 i - 2 potions of ambrosia {unknown}
 m - 4 potions of heal wounds {unknown}
 p - a potion of cancellation {unknown}
 t - a potion of curing {unknown}


   Skills:
 + Level 6.9 Fighting
 + Level 5.0 Short Blades
 + Level 2.1 Long Blades
 + Level 2.1 Axes
 + Level 2.1 Maces & Flails
 + Level 2.1 Polearms
 + Level 2.1 Staves
 + Level 2.1 Ranged Weapons
 + Level 2.1 Throwing
 + Level 2.1 Armour
 + Level 5.0 Dodging
 + Level 9.8 Stealth
 + Level 2.1 Shields
 + Level 2.1 Unarmed Combat
 + Level 2.1 Spellcasting
 + Level 1.6 Conjurations
 + Level 1.6 Hexes
 + Level 1.6 Summonings
 + Level 1.6 Necromancy
 + Level 1.6 Translocations
 + Level 1.6 Transmutations
 + Level 1.6 Fire Magic
 + Level 1.6 Ice Magic
 + Level 1.6 Air Magic
 + Level 1.6 Earth Magic
 + Level 1.6 Poison Magic
 + Level 2.3 Invocations
 + Level 2.1 Evocations


You had 9 spell levels left.
You didn't know any spells.
Your spell library contained the following spells:

 Spells                   Type           Power      Damage    Failure   Level
 Summon Small Mammal      Summ           16%        N/A       19%         1
 Call Canine Familiar     Summ           4%         N/A       50%         3
 Summon Guardian Golem    Hex/Summ       4%         N/A       50%         3


Dungeon Overview and Level Annotations

Branches:
Dungeon (5/15)             Temple (1/1) D:5

Altars:
Ashenzari
Dithmenos
Elyvilon
Fedhas
Gozag
Hepliaklqana
Makhleb
Nemelex Xobeh
Qazlal
Ru
Sif Muna
Trog
Uskayaw
Wu Jian
Xom
The Shining One

Shops:
D:1 ?

Annotations:
D:4 styxcanada's ghost, amateur MiFi
D:5 Menkaure


Innate Abilities, Weirdness & Mutations

You have very sharp teeth.
Your uncanny sense of smell can sniff out nearby items.
Your experience applies equally to all skills.


Message History

No target in view!
No target in view!
Found a transporter.
Partly explored, unvisited transporter.
There is a transporter here.
You enter the transporter and appear at another place.
An ogre comes into view. It is wielding a +0 giant club.
The ogre shouts!
Styxcanada's ghost turns its malevolent gaze towards you.
The ogre completely misses you.
Found a transporter.
Styxcanada's ghost says, "They lied to you.
The Dungeon just goes down and down forever."
Styxcanada's ghost hits you but does no damage.
Styxcanada's ghost attacks as you move away!
Styxcanada's ghost hits you but does no damage.
There is a transporter here.
You hit styxcanada's ghost but do no damage.
Styxcanada's ghost hits you! Styxcanada's ghost burns you.
You enter the transporter and appear at another place.
Styxcanada's ghost closely misses you.
You hit styxcanada's ghost but do no damage.
You hit styxcanada's ghost.
You bite styxcanada's ghost, but do no damage.
Styxcanada's ghost is lightly damaged.
Styxcanada's ghost hits you! Styxcanada's ghost burns you.
You hit styxcanada's ghost.
Styxcanada's ghost is lightly damaged.
Styxcanada's ghost hits you but does no damage.
You hit styxcanada's ghost but do no damage.
Styxcanada's ghost is lightly damaged.
You hit styxcanada's ghost.
You bite styxcanada's ghost, but do no damage.
Styxcanada's ghost is moderately damaged.
Styxcanada's ghost hits you!
* * * LOW HITPOINT WARNING * * *
Styxcanada's ghost burns you.
* * * LOW HITPOINT WARNING * * *
As you read the scroll of fog, it crumbles to dust.
The scroll dissolves into smoke.
Styxcanada's ghost hits you!
You die...

############# ###...#.#
#.....©.OO.©# ###.#.#
#.#..#.#..#.# #.#.#
#..##...##.O# #...#
#..##...##..#########..#
#.#..#.#..#.##.........#
##....$).....##.#######..
###############.# ##.
#.....©§@§....#.##### ##
#......§W§§...#.....#
#######§§.......###.#
########### #.# #.# #.#
#.##### #...... #######


You could see an ogre and styxcanada's ghost.

Vanquished Creatures
  A scorpion (D:4)
  2 hounds (D:4)
  A jelly (D:4)
  Jessica (D:3)
  An iguana (D:4)
  An orc wizard (D:4)
  3 adders
  An ufetubus (D:4)
  2 dart slugs
  8 orcs
  5 endoplasms
  2 giant cockroaches
  11 goblins
  5 hobgoblins
  4 quokkas
  4 ball pythons
  4 bats
  3 frilled lizards
  5 kobolds
  6 rats
70 creatures vanquished.

Notes
Turn   | Place    | Note
-------+----------+-------------------------------------------
     0 | D:5      | Reached skill level 9 in Stealth
     0 | D:5      | wormed the Gnoll Delver began the quest for the Orb.
     0 | D:5      | Reached XP level 1. HP: 23/23 MP: 1/1
    28 | D:5      | Noticed Menkaure
    29 | D:5      | Found a staircase to the Ecumenical Temple.
    36 | Temple   | Entered the Ecumenical Temple
   316 | Temple   | Became a worshipper of Dithmenos the Shadowed
   334 | D:5      | Noticed an orc wizard
   440 | D:1      | Found Xute's Magic Scroll Shop.
   445 | D:1      | Reached XP level 2. HP: 15/29 MP: 2/2
   856 | D:1      | You fall into a shaft and drop 1 floor!
  1354 | D:1      | Reached XP level 3. HP: 28/35 MP: 3/3
  1738 | D:2      | Reached skill level 1 in Invocations
  1805 | D:2      | Found a broken altar of Ashenzari.
  1875 | D:2      | Reached skill level 1 in Long Blades
  1875 | D:2      | Reached skill level 1 in Axes
  1875 | D:2      | Reached skill level 1 in Maces & Flails
  1875 | D:2      | Reached skill level 1 in Polearms
  1875 | D:2      | Reached skill level 1 in Staves
  1875 | D:2      | Reached skill level 1 in Ranged Weapons
  1875 | D:2      | Reached skill level 1 in Throwing
  1875 | D:2      | Reached skill level 1 in Armour
  1875 | D:2      | Reached skill level 1 in Shields
  1875 | D:2      | Reached skill level 1 in Unarmed Combat
  1875 | D:2      | Reached skill level 1 in Spellcasting
  1875 | D:2      | Reached skill level 1 in Evocations
  1943 | D:2      | Found a faded altar of an unknown god.
  2189 | D:3      | Reached * piety under Dithmenos
  2262 | D:3      | Reached XP level 4. HP: 37/41 MP: 5/5
  2352 | D:3      | Noticed Jessica
  2361 | D:3      | Killed Jessica
  2362 | D:3      | Reached skill level 1 in Conjurations
  2362 | D:3      | Reached skill level 1 in Hexes
  2362 | D:3      | Reached skill level 1 in Summonings
  2362 | D:3      | Reached skill level 1 in Necromancy
  2362 | D:3      | Reached skill level 1 in Translocations
  2362 | D:3      | Reached skill level 1 in Transmutations
  2362 | D:3      | Reached skill level 1 in Fire Magic
  2362 | D:3      | Reached skill level 1 in Ice Magic
  2362 | D:3      | Reached skill level 1 in Air Magic
  2362 | D:3      | Reached skill level 1 in Earth Magic
  2362 | D:3      | Reached skill level 1 in Poison Magic
  2701 | D:4      | Reached XP level 5. HP: 40/47 MP: 5/7
  2797 | D:4      | Found a burning altar of Makhleb.
  2959 | D:4      | Found a glowing golden altar of the Shining One.
  3031 | D:4      | Noticed styxcanada's ghost (amateur MiFi)
  3271 | D:4      | Reached ** piety under Dithmenos
  3431 | D:4      | Reached XP level 6. HP: 25/53 MP: 8/8
  3677 | D:4      | Reached skill level 5 in Short Blades
  3677 | D:4      | Reached skill level 5 in Dodging
  3740 | D:4      | Found a transporter.
  3748 | D:4      | Identified the +1 giant spiked club "Houne Egg" {distort,
                  | Drain rF++ rN+ Int+2}
  3749 | D:4      | Found a transporter.
  3762 | D:4      | Slain by styxcanada's ghost

Illustrated notes

Levels and vault maps discovered:
D:1:      elethiomel_arrival_maze, layout_basic, serial_shops, shop
D:2:      layout_basic, basic_altar, hellmonk_ecumenical_altar_inner_sanctum,
          hangedman_decor_lopped
D:3:      layout_rooms, uniq_jessica
D:4:      layout_basic, mainiacjoe_overflow_brackets, lemuel_round_altar,
          gammafunk_ghost_smash
D:5:      layout_gridville, minmay_temple_entry_slanted, supply_closet_lemuel,
          guppyfry_early_lair_pool, uniq_menkaure, uniq_edmund
Temple:   nicolae_temple_superstar

Skill      XL: |  1  2  3  4  5  6 |
---------------+-------------------+-----
Stealth        | |  9.8
Invocations    | 1 2 |  2.3
Long Blades    | 1 2 |  2.1
Axes           | 1 2 |  2.1
Maces & Flails | 1 2 |  2.1
Polearms       | 1 2 |  2.1
Staves         | 1 2 |  2.1
Ranged Weapons | 1 2 |  2.1
Throwing       | 1 2 |  2.1
Armour         | 1 2 |  2.1
Shields        | 1 2 |  2.1
Unarmed Combat | 1 2 |  2.1
Spellcasting   | 1 2 |  2.1
Evocations     | 1 2 |  2.1
Conjurations   | 1 |  1.6
Hexes          | 1 |  1.6
Summonings     | 1 |  1.6
Necromancy     | 1 |  1.6
Translocations | 1 |  1.6
Transmutations | 1 |  1.6
Fire Magic     | 1 |  1.6
Ice Magic      | 1 |  1.6
Air Magic      | 1 |  1.6
Earth Magic    | 1 |  1.6
Poison Magic   | 1 |  1.6
Short Blades   | 5 |  5.0
Dodging        | 5 |  5.0
Fighting       | |  6.9

Action                   |  1- 3 |  4- 6 || total
-------------------------+-------+-------++-------
Melee: Short sword       |     8 |       ||     8
       Dagger            |    78 |   102 ||   180
       Bite              |     7 |    10 ||    17
       Punch             |     1 |     3 ||     4
  Use: Scroll            |     2 |     1 ||     3
 Stab: Sleeping          |    14 |     8 ||    22
       Distracted        |     1 |       ||     1
Armor: Leather armour    |     8 |    20 ||    28
Dodge: Dodged            |    29 |    49 ||    78
